 Dungeon Crawl Stone Soup version 0.17.0-18-gaab0e96 (webtiles) character file.

77 st0uf the Cudgeler (level 4, -2/34 HPs)
             Began as a Demonspawn Gladiator on Nov 11, 2015.
             Slain by a gnoll (3 damage)
             ... on level 2 of the Dungeon.
             The game lasted 00:07:42 (1461 turns).

st0uf the Cudgeler (Demonspawn Gladiator)           Turns: 1461, Time: 00:07:42

Health: -2/34      AC: 11    Str: 17    XL:     4   Next: 13%
Magic:  4/4        EV: 12    Int:  9    God:
Gold:   49         SH:  0    Dex: 13    Spells: 0 memorised, 3 levels left

rFire  . . .     SeeInvis .     a - +0 flail
rCold  . . .     Clarity  .     h - +2 leather armour {MR+}
rNeg   . . .     SustAt   .     (no shield)
rPois  .         Gourm    .     c - +0 helmet
rElec  .         Spirit   .     (no cloak)
rCorr  .         Warding  .     (no gloves)
rMut   .         Stasis   .     (no boots)
MR     +....                    (no amulet)
Stlth  ++........               (no ring)
                                (no ring)

@: somewhat resistant to hostile enchantments, unstealthy
A: talons 1, iridescent scales 1, nightstalker 1, shaggy fur 1
a: no special abilities


You were on level 2 of the Dungeon.
You were not hungry.

You visited 1 branch of the dungeon, and saw 2 of its levels.

You collected 49 gold pieces.

Inventory:

Hand Weapons
 a - a +0 flail (weapon)
Missiles
 d - 3 throwing nets (quivered)
Armour
 b - a +0 leather armour
 c - a +0 helmet (worn)
 h - a +2 leather armour of magic resistance (worn)
Scrolls
 g - a scroll of magic mapping {unknown}
 l - a scroll of remove curse {unknown}
 p - 2 scrolls of identify {unknown}
 q - a scroll of noise {unknown}
 r - 3 scrolls of teleportation {unknown}
Potions
 i - 2 potions of flight {unknown}
 j - a potion of cancellation {unknown}
 k - a potion of resistance {unknown}
 m - 2 potions of heal wounds {unknown}
 s - 2 potions of curing {unknown}
Comestibles
 e - 3 bread rations
 n - 5 chunks of flesh
 o - 2 meat rations


   Skills:
 + Level 2.8 Fighting
 + Level 3.4 Maces & Flails
 - Level 1.7 Throwing
 + Level 1.5 Armour
 - Level 2.6 Dodging
 + Level 0.6 Stealth


You had 3 spell levels left.
You didn't know any spells.

Dungeon Overview and Level Annotations

Branches:
Dungeon (2/15)

Altars:

Annotations:
D:2 Jessica


Innate Abilities, Weirdness & Mutations

You have sharp toenails.
You are partially covered in iridescent scales (AC +4).
You are slightly more attuned to the shadows.
You are covered in fur (AC +1).


Message History

You kill the gnoll!
You have reached level 4!
You feel stronger.
Your demonic ancestry asserts itself...
Your toenails lengthen and sharpen.
The gnoll hits you but does no damage. The gnoll closely misses you.
The gnoll hits you but does no damage.
There is an open door, spattered with blood here.
You see here a flail.
You hit the gnoll.
The gnoll is lightly wounded.
The gnoll hits you with a spear.
* * * LOW HITPOINT WARNING * * *
The gnoll misses you. x2
The gnoll hits you with a spear.
* * * LOW HITPOINT WARNING * * *
Drink which item? (? for menu, Esc to quit)
It was a potion of beneficial mutation.
Fur sprouts all over your body.
You feel fantastic! The gnoll hits you.
You die...

........'..........'g .
##.######.......####..
#.######.......# ......
#..............# ......
##..####.######## ....#
....# #........####....##
###.# #..).....'..+....'.
#.#####.....)g####....##
###.............@gw)....''
..####..<.......####....##
..## #..........## ....#
...# #...>..##...# #####
...# #########...# ####
...# #...###....# ...#
#........... ##.#
#...###..... #.# #...#
....


You could see a worm and 2 gnolls.

Vanquished Creatures
  2 gnolls (D:2)
  An adder (D:2)
  An ooze (D:1)
  A giant gecko (D:1)
  A giant cockroach (D:2)
  9 hobgoblins
  A quokka (D:2)
  6 bats (D:1)
  4 giant newts
  6 goblins
  8 kobolds
  3 rats
43 creatures vanquished.

Notes
Turn   | Place    | Note
--------------------------------------------------------------
     0 | D:1      | st0uf the Demonspawn Gladiator began the quest for the Orb.
     0 | D:1      | Reached XP level 1. HP: 16/16 MP: 1/1
   430 | D:1      | Gained mutation: You are slightly more attuned to the shadows. [demonic ancestry]
   430 | D:1      | Reached XP level 2. HP: 20/22 MP: 2/2
   494 | D:1      | Reached skill level 1 in Armour
   510 | D:1      | Reached skill level 3 in Maces & Flails
  1024 | D:1      | Gained mutation: You are partially covered in iridescent scales (AC +4). [demonic ancestry]
  1024 | D:1      | Reached XP level 3. HP: 28/28 MP: 3/3
  1435 | D:2      | Noticed Jessica
  1458 | D:2      | Gained mutation: You have sharp toenails. [demonic ancestry]
  1458 | D:2      | Reached XP level 4. HP: 2/34 MP: 4/4
  1460 | D:2      | HP: 1/34 [gnoll/spear (1)]
  1461 | D:2      | Gained mutation: You are covered in fur (AC +1). [potion of beneficial mutation]
  1461 | D:2      | Slain by a gnoll

Action                   |  1- 3 |  4- 6 || total
-------------------------+-------+-------++-------
Melee: Flail             |   151 |     1 ||   152
  Use: Potion            |       |     1 ||     1
 Stab: Sleeping          |     6 |       ||     6
  Eat: Chunk             |     2 |       ||     2
